3AAA
SUNSET DISTRICT FOG @ LÉVIS ROCKS
07/30/2019
 
TOP OF THE 1ST
Sunset District Fog batting - Pitching for Lévis Rocks : RHP Andrés Martínez
Pitching: RHP Andrés Martínez
Batting: LHB David Hunt 0-0: Called Strike
0-1: Foul Ball, location: 2F
0-2: Ball
1-2: SINGLE (Line Drive, 89S)
Batting: RHB Jim Lee 0-0: DOUBLE (Line Drive, 3D)
David Hunt to third
Batting: RHB Gabriel Maldonado 0-0: Called Strike
0-1: SINGLE (Groundball, 56D)
David Hunt scores
Jim Lee to third
Batting: RHB Steve McLeod 0-0: Ball
1-0: Ball
2-0: Fly out, F8 (Flyball, 8LS)
Batting: SHB Al Anderson 0-0: Swinging Strike
0-1: Ball
1-1: Ball
2-1: Foul Ball, location: 2F
2-2: Grounds into double play, 5-4-3 (Groundball, 56)
Top of the 1st over - 1 run(s), 3 hit(s), 0 error(s), 1 left on base; Sunset District 1 - Lévis 0
BOTTOM OF THE 1ST
Lévis Rocks batting - Pitching for Sunset District Fog : LHP Morris Nicholson
Pitching: LHP Morris Nicholson
Batting: LHB Edward Carlson 0-0: SINGLE (Line Drive, 8RS)
Batting: SHB Jim Unknown Balk!
Edward Carlson to second
0-0: Ball
1-0: Foul Ball, location: 2F
1-1: Called Strike
1-2: Ball
2-2: SINGLE (Line Drive, 8LS)
Edward Carlson to third
Batting: RHB Dan Holliday 0-0: Foul Ball, location: 2F
0-1: Ball
1-1: Grounds into double play, 6-4-3 (Groundball, 56)
Edward Carlson scores
Batting: RHB Ernie McPherson 0-0: Ball
1-0: Called Strike
1-1: SINGLE (Line Drive, 8RS)
Batting: RHB Raúl Valadez 0-0: Ball
1-0: Ball
2-0: Ball
3-0: Called Strike
3-1: Base on Balls
Ernie McPherson to second
Batting: SHB Bartolo Fernández 0-0: Ball
1-0: Ball
2-0: Called Strike
2-1: Ball
3-1: Foul Ball, location: 2F
3-2: SINGLE (Groundball, 56)
Ernie McPherson to third
Raúl Valadez to second
Ernie McPherson scores
Raúl Valadez to third
Batting: RHB Jimmy Allen 0-0: Ball
1-0: Ball
2-0: 3-RUN HOME RUN (Flyball, 78XD), Distance : 384 ft
Batting: LHB Jim Unknown 0-0: Called Strike
0-1: Ball
1-1: Ball
2-1: Ground out 4-3 (Groundball, 4M)
Bottom of the 1st over - 5 run(s), 5 hit(s), 0 error(s), 0 left on base; Sunset District 1 - Lévis 5
TOP OF THE 2ND
Sunset District Fog batting - Pitching for Lévis Rocks : RHP Andrés Martínez
Batting: SHB Brian Ray 0-0: Reached on Error, E7 (Flyball, 7M)
Batting: LHB Lance Schiffer 0-0: DOUBLE (Line Drive, 5D)
Brian Ray to third
Batting: RHB Luis Silva 0-0: Swinging Strike
0-1: Swinging Strike
0-2: Ball
1-2: Ball
2-2: Ball
3-2: Fly out, F8 (Flyball, 8RM)
Runner from 3rd tags up, SCORES, throw made
Batting: SHB John Allen 0-0: Ball
1-0: Ball
2-0: SINGLE (Popup, 78S)
Lance Schiffer to third
Runner from 3rd tries for Home, SAFE, no throw or cutoff
Batting: LHB David Hunt 0-0: Ball
1-0: Grounds into double play, 6-4-3 (Groundball, 6)
Top of the 2nd over - 2 run(s), 2 hit(s), 1 error(s), 0 left on base; Sunset District 3 - Lévis 5
BOTTOM OF THE 2ND
Lévis Rocks batting - Pitching for Sunset District Fog : LHP Morris Nicholson
Batting: RHB Jim Unknown 0-0: Swinging Strike
0-1: Foul Ball, location: 2F
0-2: Strikes out looking
Batting: LHB Edward Carlson 0-0: Swinging Strike
0-1: Ball
1-1: Ball
2-1: Foul Ball, location: 2F
2-2: Strikes out swinging
Batting: SHB Jim Unknown 0-0: Called Strike
0-1: Called Strike
0-2: Strikes out swinging
Bottom of the 2nd over - 0 run(s), 0 hit(s), 0 error(s), 0 left on base; Sunset District 3 - Lévis 5
TOP OF THE 3RD
Sunset District Fog batting - Pitching for Lévis Rocks : RHP Andrés Martínez
Batting: RHB Jim Lee 0-0: Called Strike
0-1: Bunt missed!
0-2: Foul Ball, location: 2F
0-2: Ground out 6-3 (Groundball, 6)
Batting: RHB Gabriel Maldonado 0-0: Foul Ball, location: 2F
0-1: Ball
1-1: Fly out, F9 (Flyball, 89M)
Batting: RHB Steve McLeod 0-0: Ball
1-0: Swinging Strike
1-1: SINGLE (Flyball, 7LS)
Batting: SHB Al Anderson 0-0: Called Strike
Steve McLeod is caught stealing 2nd base
Top of the 3rd over - 0 run(s), 1 hit(s), 0 error(s), 0 left on base; Sunset District 3 - Lévis 5
BOTTOM OF THE 3RD
Lévis Rocks batting - Pitching for Sunset District Fog : LHP Morris Nicholson
Batting: RHB Dan Holliday 0-0: Called Strike
0-1: Ball
1-1: SINGLE (Line Drive, 3D)
Pitching: LHP Gilbert Morris
Batting: RHB Ernie McPherson 0-0: Ball
1-0: SINGLE (Groundball, 34D)
Dan Holliday to second
Runner from 2nd tries for 3rd, SAFE, throw made to third
Batting: RHB Raúl Valadez 0-0: Called Strike
0-1: Ground out 5-3 (Groundball, 5S)
Dan Holliday scores
Ernie McPherson to second
Batting: SHB Bartolo Fernández 0-0: Foul Ball, location: 2F
0-1: Ball
1-1: Foul Ball, location: 2F
1-2: Ball
2-2: Ball
3-2: Ground out 5-3 (Groundball, 5S)
Ernie McPherson to third
Batting: RHB Jimmy Allen 0-0: Foul Ball, location: 2F
0-1: Swinging Strike
0-2: Fly out, F7 (Flyball, 78M)
Bottom of the 3rd over - 1 run(s), 2 hit(s), 0 error(s), 1 left on base; Sunset District 3 - Lévis 6
TOP OF THE 4TH
Sunset District Fog batting - Pitching for Lévis Rocks : RHP Andrés Martínez
Batting: SHB Al Anderson 0-0: Ball
1-0: SINGLE (Groundball, 34D)
Batting: SHB Brian Ray 0-0: Ball
1-0: Called Strike
1-1: Ball
2-1: Called Strike
2-2: Fly out, F6 (Popup, 56D)
Batting: LHB Lance Schiffer 0-0: Called Strike
0-1: Ball
1-1: Ball
2-1: Swinging Strike
2-2: Foul Ball, location: 2F
2-2: Ground out U3 (Groundball, 3S)
Al Anderson to second
Batting: RHB Luis Silva 0-0: Called Strike
0-1: Ball
1-1: SINGLE (Groundball, 34D)
Al Anderson to third
Runner from 3rd tries for Home, SAFE, no throw or cutoff
Batting: SHB John Allen 0-0: Ball
1-0: Called Strike
1-1: Called Strike
1-2: Ball
2-2: Fly out, F8 (Line Drive, 8RM)
Top of the 4th over - 1 run(s), 2 hit(s), 0 error(s), 1 left on base; Sunset District 4 - Lévis 6
BOTTOM OF THE 4TH
Lévis Rocks batting - Pitching for Sunset District Fog : LHP Gilbert Morris
Batting: LHB Jim Unknown 0-0: Swinging Strike
0-1: Ball
1-1: Called Strike
1-2: Fly out, F8 (Flyball, 8RM)
Batting: RHB Jim Unknown 0-0: Called Strike
0-1: Ground out 5-3 (Groundball, 5)
Batting: LHB Edward Carlson 0-0: Ball
1-0: Ball
2-0: Called Strike
2-1: Called Strike
2-2: Foul Ball, location: 2F
2-2: Ball
3-2: Foul Ball, location: 2F
3-2: Base on Balls
Batting: SHB Jim Unknown 0-0: Fly out, F8 (Flyball, 89S)
Bottom of the 4th over - 0 run(s), 0 hit(s), 0 error(s), 1 left on base; Sunset District 4 - Lévis 6
TOP OF THE 5TH
Sunset District Fog batting - Pitching for Lévis Rocks : RHP Andrés Martínez
Batting: LHB David Hunt 0-0: Called Strike
0-1: Ball
1-1: Ball
2-1: Ball
3-1: Base on Balls
Batting: RHB Jim Lee 0-0: Called Strike
0-1: Ball
1-1: Ball
2-1: Grounds into double play, 6-4-3 (Groundball, 6)
Batting: RHB Gabriel Maldonado 0-0: Called Strike
0-1: Ball
1-1: Foul Ball, location: 2F
1-2: Ground out 3-1 (Groundball, 34)
Top of the 5th over - 0 run(s), 0 hit(s), 0 error(s), 0 left on base; Sunset District 4 - Lévis 6
BOTTOM OF THE 5TH
Lévis Rocks batting - Pitching for Sunset District Fog : LHP Gilbert Morris
Batting: RHB Dan Holliday 0-0: Swinging Strike
0-1: Fly out, F9 (Flyball, 89S)
Batting: RHB Ernie McPherson 0-0: Ball
1-0: Called Strike
1-1: Ball
2-1: Foul Ball, location: 2F
2-2: Foul Ball, location: 2F
2-2: DOUBLE (Line Drive, 78M)
Batting: RHB Raúl Valadez 0-0: Called Strike
0-1: Fly out, F8 (Line Drive, 8LS)
Batting: SHB Bartolo Fernández 0-0: Ground out 6-3 (Groundball, 6)
Bottom of the 5th over - 0 run(s), 1 hit(s), 0 error(s), 1 left on base; Sunset District 4 - Lévis 6
TOP OF THE 6TH
Sunset District Fog batting - Pitching for Lévis Rocks : RHP Andrés Martínez
Batting: RHB Steve McLeod 0-0: Reached on error, E4 (Groundball, 4)
Batting: SHB Al Anderson 0-0: Swinging Strike
0-1: Fly out, F7 (Line Drive, 78S)
Batting: SHB Brian Ray 0-0: Ball
1-0: Swinging Strike
1-1: Ball
2-1: Called Strike
2-2: Ball
Steve McLeod steals 2nd base
3-2: Fly out, F8 (Flyball, 8RM)
Batting: LHB Lance Schiffer 0-0: Swinging Strike
0-1: Called Strike
0-2: Foul Ball, location: 2F
0-2: Fly out, F7 (Flyball, 7M)
Top of the 6th over - 0 run(s), 0 hit(s), 1 error(s), 1 left on base; Sunset District 4 - Lévis 6
BOTTOM OF THE 6TH
Lévis Rocks batting - Pitching for Sunset District Fog : LHP Gilbert Morris
Batting: RHB Jimmy Allen 0-0: Foul Ball, location: 2F
0-1: Foul Ball, location: 2F
0-2: Ball
1-2: Fly out, F8 (Flyball, 8RM)
Batting: LHB Jim Unknown 0-0: Ball
1-0: Swinging Strike
1-1: Ball
2-1: Fly out, F8 (Flyball, 8RXD)
Pitching: RHP Boyd Craig
Batting: RHB Jim Unknown 0-0: Foul Ball, location: 2F
0-1: DOUBLE (Line Drive, 78M)
Batting: LHB Edward Carlson 0-0: SINGLE (Groundball, 6MD)
Jim Unknown to third
Runner from 3rd tries for Home, SAFE, no throw or cutoff
Batting: SHB Jim Unknown 0-0: Ball
1-0: SINGLE (Groundball, 34)
Edward Carlson to second
Runner from 2nd tries for 3rd, OUT!
Bottom of the 6th over - 1 run(s), 3 hit(s), 0 error(s), 1 left on base; Sunset District 4 - Lévis 7
TOP OF THE 7TH
Sunset District Fog batting - Pitching for Lévis Rocks : RHP Andrés Martínez
Batting: RHB Luis Silva 0-0: Ball
1-0: Foul Ball, location: 2F
1-1: Foul Ball, location: 2F
1-2: Ball
2-2: Ball
3-2: SINGLE (Groundball, 25) (infield hit)
Batting: SHB John Allen 0-0: Ball
1-0: Called Strike
1-1: Foul Ball, location: 2F
1-2: Ball
2-2: Grounds into double play, 3-6-1 (Groundball, 3)
Batting: LHB David Hunt 0-0: Called Strike
0-1: SINGLE (Line Drive, 4D)
Batting: RHB Jim Lee 0-0: Ball
1-0: Swinging Strike
1-1: Called Strike
1-2: Ball
2-2: Strikes out swinging
Top of the 7th over - 0 run(s), 2 hit(s), 0 error(s), 1 left on base; Sunset District 4 - Lévis 7
BOTTOM OF THE 7TH
Lévis Rocks batting - Pitching for Sunset District Fog : RHP Boyd Craig
Batting: RHB Dan Holliday 0-0: Ball
1-0: Called Strike
1-1: Ball
2-1: Swinging Strike
2-2: SOLO HOME RUN (Flyball, 9D), Distance : 337 ft
Pitching: LHP Xavier Hernández
Batting: RHB Ernie McPherson 0-0: Fly out, F7 (Flyball, 7M)
Batting: RHB Raúl Valadez 0-0: Foul Ball, location: 2F
0-1: Ball
1-1: SINGLE (Line Drive, 7S)
Batting: SHB Bartolo Fernández 0-0: Foul Ball, location: 2F
0-1: Called Strike
0-2: Strikes out swinging
Batting: RHB Jimmy Allen 0-0: Ball
1-0: Foul Ball, location: 2F
1-1: Reached on error, E5 (Groundball, 56)
Raúl Valadez to second
Batting: LHB Jim Unknown 0-0: Called Strike
0-1: Ball
1-1: Called Strike
1-2: SINGLE (Groundball, 34D)
Raúl Valadez to third
Jimmy Allen to second
Runner from 3rd tries for Home, SAFE, no throw or cutoff
Batting: RHB Jim Unknown 0-0: Ball
1-0: Called Strike
1-1: Fielders Choice at 2nd, U6 (Groundball, 6M)
Bottom of the 7th over - 2 run(s), 3 hit(s), 1 error(s), 2 left on base; Sunset District 4 - Lévis 9
TOP OF THE 8TH
Sunset District Fog batting - Pitching for Lévis Rocks : RHP Andrés Martínez
Batting: RHB Gabriel Maldonado 0-0: Ball
1-0: Ground out 5-3 (Groundball, 5S)
Batting: RHB Steve McLeod 0-0: Ball
1-0: Ball
2-0: Ball
3-0: Base on Balls
Batting: SHB Al Anderson 0-0: Called Strike
0-1: Called Strike
0-2: Strikes out looking
Batting: SHB Brian Ray 0-0: Called Strike
0-1: Foul Ball, location: 2F
0-2: Ball
1-2: Ball
2-2: Ball
3-2: Base on Balls
Steve McLeod to second
Pitching: RHP Dave Townend
Batting: LHB Lance Schiffer 0-0: Fly out, F8 (Flyball, 78M)
Top of the 8th over - 0 run(s), 0 hit(s), 0 error(s), 2 left on base; Sunset District 4 - Lévis 9
BOTTOM OF THE 8TH
Lévis Rocks batting - Pitching for Sunset District Fog : LHP Xavier Hernández
Batting: LHB Edward Carlson 0-0: Ball
1-0: Ball
2-0: DOUBLE (Line Drive, 34)
Batting: SHB Jim Unknown 0-0: 2-RUN HOME RUN (Flyball, 7LD), Distance : 354 ft
Batting: RHB Dan Holliday 0-0: Called Strike
0-1: Ground out 6-3 (Groundball, 6)
Batting: RHB Ernie McPherson 0-0: Called Strike
0-1: Foul Ball, location: 2F
0-2: Foul Ball, location: 2F
0-2: Ball
1-2: Foul Ball, location: 2F
1-2: Ball
2-2: Ball
3-2: Fly out, F7 (Flyball, 7S)
Pinch Hitting: RHB Jim Unknown 0-0: Called Strike
0-1: Fly out, F8 (Flyball, 8RS)
Bottom of the 8th over - 2 run(s), 2 hit(s), 0 error(s), 0 left on base; Sunset District 4 - Lévis 11
TOP OF THE 9TH
Sunset District Fog batting - Pitching for Lévis Rocks : RHP Dave Townend
Now at 3B: Jim Unknown
Batting: RHB Luis Silva 0-0: Fly out, F9 (Flyball, 89M)
Batting: SHB John Allen 0-0: Foul Ball, location: 2F
0-1: Ball
1-1: SINGLE (Groundball, 4MD)
Batting: LHB David Hunt 0-0: Ball
1-0: Foul Ball, location: 2F
1-1: Fly out, F8 (Popup, 6MD)
Batting: RHB Jim Lee 0-0: Ball
1-0: Called Strike
1-1: Fielders Choice at 2nd, 5-4 (Groundball, 56)
Top of the 9th over - 0 run(s), 1 hit(s), 0 error(s), 0 left on base; Sunset District 4 - Lévis 11
This league is powered by Out of the Park Baseball, the baseball management simulation game for PC, Mac and Linux
Saturday, July 25th, 2015 - OOTP Baseball 15.6 Build 34